 Dungeon Crawl Stone Soup version 0.18.1-48-g4cf74bf (webtiles) character file.

361952 nikopol the Phalangite (level 21, 0/286 HPs)
             Began as a Minotaur Berserker on July 7, 2016.
             Was the Champion of Trog.
             Slain by a deep elf knight
             ... wielding a +0 vampiric scimitar
              (5 damage)
             ... on level 2 of the Orcish Mines on July 9, 2016.
             The game lasted 03:41:39 (55215 turns).

nikopol the Phalangite (Minotaur Berserker)        Turns: 55215, Time: 03:41:39

Health: 0/286      AC: 31    Str: 32    XL:     21   Next: 51%
Magic:  6/6        EV: 25    Int:  7    God:    Trog [******]
Gold:   3755       SH:  0    Dex: 24    Spells: 0 memorised, 20 levels left

rFire  + . .     SeeInvis .     x - +4 glaive (antimagic)
rCold  . . .     Gourm    .     G - +4 chain mail {MR+}
rNeg   + + .     Faith    .     (shield currently unavailable)
rPois  .         Spirit   .     o - +2 hat {MR+}
rElec  .         Dismiss  +     y - +2 cloak {MR+}
rCorr  +         Reflect  .     W - +2 pair of gloves {Dex+3}
SustAt .         Harm     .     a - +2 pair of boots "Hoth" {+Fly Str+2}
MR     ++++.                    F - amulet of dismissal
Stlth  ..........               H - ring of positive energy
                                R - ring of Terra Nullius {rCorr rF+ rN+ Int+3 Dex+4}

@: berserking, lethally poisoned (0 -> -7), very quick, incredibly resistant to
hostile enchantments, extremely unstealthy
A: retaliatory headbutt, horns 2
a: Berserk, Trog's Hand, Brothers in Arms, Burn Spellbooks, Renounce Religion,
Evoke Flight
}: 2/15 runes: decaying, gossamer


You were on level 2 of the Orcish Mines.
You worshipped Trog.
Trog was exalted by your worship.
You were not hungry.

You visited 7 branches of the dungeon, and saw 38 of its levels.
You also visited: Labyrinth, Sewer and Bailey.

You collected 3915 gold pieces.
You spent 160 gold pieces at shops.

Inventory:

Hand Weapons
 b - the +1 glaive of Offence {freeze, -Tele rC+++ SInv}
   (Trog gifted it to you on level 3 of the Vaults)

   It has been specially enchanted to freeze those struck by it, causing extra
   injury to most foes and up to half again as much damage against particularly
   susceptible opponents.
   It can also slow down cold-blooded creatures.
   It renders you almost immune to cold.
   It lets you see invisible.
   It prevents most forms of teleportation.
 c - a +4 longbow of freezing
 x - a +4 antimagic glaive (weapon)
 S - a +4 glaive of protection
Missiles
 m - 1278 arrows (quivered)
Armour
 a - the +2 pair of boots "Hoth" (worn) {+Fly Str+2}
   (You acquired it on level 2 of the Swamp)

   It affects your strength (+2).
   It lets you fly.
 o - a +2 hat of magic resistance (worn)
 y - a +2 cloak of magic resistance (worn)
 G - a +4 chain mail of magic resistance (worn)
 W - a +2 pair of gloves of dexterity (worn)
Jewellery
 d - an uncursed ring of protection from fire
 e - an uncursed ring of protection from magic
 F - an amulet of dismissal (around neck)
 H - a ring of positive energy (right hand)
 N - a +3 ring of evasion
 R - the ring of Terra Nullius (left hand) {rCorr rF+ rN+ Int+3 Dex+4}
   (You found it on level 2 of the Vaults)

   [ring of resist corrosion]

   It affects your intelligence (+3).
   It affects your dexterity (+4).
   It protects you from fire.
   It protects you from negative energy.
 U - an uncursed ring of sustain attributes
 X - an uncursed ring of see invisible
 Z - an uncursed ring of poison resistance
Wands
 n - a wand of digging (24/24)
 D - a wand of teleportation (8/9)
 P - a wand of iceblast (3/15)
Scrolls
 f - 10 scrolls of identify
 j - 5 scrolls of recharging
 r - 6 scrolls of remove curse
 t - 6 scrolls of fear
 v - 10 scrolls of teleportation
 w - 12 scrolls of magic mapping
 A - 8 scrolls of enchant weapon
 E - 7 scrolls of enchant armour
 I - 7 scrolls of blinking
 K - a scroll of summoning
 Y - 4 scrolls of fog
Potions
 g - 2 potions of flight
 k - 3 potions of invisibility
 l - 3 potions of cancellation
 p - 7 potions of brilliance
 q - 6 potions of agility
 s - 6 potions of heal wounds
 u - 4 potions of resistance
 z - 10 potions of curing
 B - 8 potions of haste
 J - 7 potions of might
 L - 2 potions of magic
 M - 5 potions of ambrosia
 T - 2 potions of cure mutation
Comestibles
 h - 16 meat rations
 C - 28 fruits
 O - 14 bread rations
 Q - 7 royal jellies


   Skills:
 + Level 17.2 Fighting
 * Level 23.1 Polearms
 * Level 20.4 Bows
 + Level 17.5 Armour
 + Level 16.4 Dodging


You had 20 spell levels left.
You didn't know any spells.

Dungeon Overview and Level Annotations

Branches:
Dungeon (15/15)            Temple (0/1) D:7            Lair (8/8) D:10
  Swamp (4/4) Lair:6       Spider (4/4) Lair:3        Slime (0/6) Lair:6
    Orc (2/2) D:10            Elf (1/3) Orc:2        Vaults (4/5) D:13
  Crypt (0/3) Vaults:2     Depths (0/5) D:15

Altars:
Ashenzari
Cheibriados
Elyvilon
Fedhas
Okawaru
Pakellas
Ru
Trog
Yredelemnul
Beogh
Jiyva

Shops:
D:10 [(   D:14 }   D:15 (   Orc:1 ?   Orc:2 :=*   Vaults:2 *

Annotations:
Vaults:1 Asterion
Vaults:3 Mennas


Innate Abilities, Weirdness & Mutations

You reflexively headbutt those who attack you in melee.
You have a pair of horns on your head.


Message History

The deep elf knight closely misses you. The earth elemental hits you!
* * * LOW HITPOINT WARNING * * *
The water elemental closely misses you.
The earth elemental hits you but does no damage.
You climb upwards.
Welcome back to the Orcish Mines!
The battlesphere dissipates.
You gasp with relief as air once again reaches your lungs.
You feel very sick.
There is a staircase to the Elven Halls here.
You slash the water elemental!
The water elemental is almost destroyed.
You feel sick. Something hits you!
* * * LOW HITPOINT WARNING * * *
The deep elf knight hits you but does no damage.
A red film seems to cover your vision as you go berserk!
You feel yourself moving faster!
You feel mighty!
You feel somewhat more hungry.
* * * LOW HITPOINT WARNING * * *
You feel sick. Something hits you.
You die...

.......###..............####.....
...#....................# ##....
.##............#.......#######...
.........................#.#.#...
................................)
...#.........#.............#.....
............##..............##...
...............E.e........[[.....
.............[[.@.......[[.......
..............[.E.......)........
............[[[........[.........
.............[........)[.........
.................)...)...........
...........[.....(...............
..........._....[.([.............
..................(.)..........#.
...............[..............###


You could see a deep elf knight, an earth elemental and a water elemental.

Vanquished Creatures
  Nikola (Swamp:1)
  A lich (Vaults:4)
  Jorgrun (Vaults:3)
  Rupert (Lair:8)
  Gastronok (Lair:3)
  Agnes (D:14)
  4 thorn hunters
  A shadow dragon (Vaults:4)
  A tengu reaver (Vaults:1)
  A storm dragon (Vaults:4)
  2 frost giants
  Maud (Lair:3)
  4 fire giants
  5 emperor scorpions
  2 ghost moths (Spider:4)
  12 vault wardens
  The ghost of Wotyn the Severer, a journeyman MiFi of Makhleb (Orc:2)
  A ghoul (Vaults:2)
  6 ironheart preservers
  A war gargoyle (Vaults:2)
  3 stone giants
  A death ooze (Swamp:4)
  11 very ugly things
  A salamander stormcaller (Vaults:2)
  Snorg (Lair:8)
  A crystal guardian (Vaults:4)
  A dire elephant (D:15)
  The ghost of Bodigarde the Carver, a journeyman MiFi of the Shining One (Orc:2)
  A minotaur (Lab)
  2 green deaths (Swamp:4)
  2 fire dragons
  5 yaktaur captains
  3 great orbs of eyes
  6 vault guards
  The ghost of junkhipster the Blocker, a journeyman GrFi of Okawaru (D:13)
  2 hell beasts (Swamp:4)
  21 hydras
  2 ice dragons
  A ghost crab (Swamp:1)
  3 death knights
  13 centaur warriors
  7 alligators
  6 death yaks (Lair:8)
  9 ogre magi
  2 deep troll earth magi (Vaults:3)
  2 tengu warriors (D:14)
  A deep troll shaman (Vaults:4)
  5 orc high priests
  Urug (D:10)
  Sonja (D:14)
  A fire crab (shapeshifter) (Vaults:2)
  A soul eater (Vaults:2)
  3 deep elf knights
  A shadow wraith (Vaults:4)
  A salamander mystic (Vaults:2)
  The ghost of terrence the Cleaver, a novice MiFi of Ru (D:8)
  6 skeletal warriors
  A fire crab (Vaults:2)
  A sea snake (shapeshifter) (Vaults:3)
  A flayed ghost (Vaults:4)
  4 unseen horrors
  3 giant orange brains
  8 deep trolls
  9 swamp dragons
  A lindwurm (Lair:7)
  A shambling mangrove (Swamp:3)
  The ghost of junkhipster the Skirmisher, a novice GrFi of Dithmenos (D:6)
  9 hill giants
  12 ironbrand convokers
  A necromancer (Vaults:2)
  4 wolf spider zombies (Spider:1)
  4 deep elf archers
  8 orc knights
  12 deep elf magi
  4 oklob plants
  18 orb spiders
  10 hornets
  6 orc sorcerers
  7 harpies
  41 slime creatures
  8 griffons
  A mana viper (shapeshifter) (Vaults:4)
  2 large abominations (Swamp:4)
  4 manticores
  2 salamanders (Vaults:2)
  34 ugly things
  5 cyclopes
  5 black mambas
  41 wolf spiders
  3 moths of wrath
  A salamander (shapeshifter) (Vaults:1)
  8 vault sentinels
  3 elephants (Lair:7)
  Joseph (D:10)
  Psyche (D:8)
  2 torpor snails
  3 orange demons (Swamp:4)
  20 spiny frogs
  5 freezing wraiths
  A rime drake (Lair:1)
  43 yaktaurs
  2 gargoyles
  2 kobold demonologists (Vaults:2)
  A redback zombie (D:14)
  16 komodo dragons
  23 demonic crawlers
  2 tengu conjurers (D:14)
  2 queen bees
  3 trolls
  5 spriggan druids
  6 giant leeches
  A polar bear (shapeshifter) (Vaults:1)
  49 jumping spiders
  An entropy weaver zombie (Spider:1)
  9 polar bears
  21 two-headed ogres
  13 bog bodies
  8 boulder beetles
  A hornet zombie (Spider:1)
  36 blink frogs
  A flying skull (Vaults:2)
  82 redbacks
  24 tarantellas
  3 vampires
  2 wraiths (D:12)
  50 yaks
  6 shadows
  A hog (shapeshifter) (Vaults:4)
  A yak (shapeshifter) (Vaults:2)
  25 spriggans
  3 small abominations
  2 wyverns
  36 vampire mosquitoes
  10 hippogriffs
  4 hungry ghosts
  2 basilisks
  2 hippogriffs (shapeshifter)
  A mottled dragon (Vaults:1)
  14 insubstantial wisps
  3 wargs
  22 swamp worms
  An orb spider zombie (Spider:1)
  7 soldier ants
  12 porcupines
  17 water moccasins
  18 wasps
  47 orc warriors
  4 swamp drakes
  4 ice beasts
  10 sky beasts
  2 phantoms
  4 black bears
  2 eyes of draining
  49 ogres
  3 boggarts (Vaults:2)
  3 necrophages
  28 centaurs
  17 wolves
  19 crocodiles
  2 big kobolds (Vaults:2)
  23 giant frogs
  A gnoll sergeant (D:10)
  A water moccasin zombie (D:10)
  17 scorpions
  A wyvern skeleton (D:13)
  36 killer bees
  6 electric eels
  2 howler monkeys
  7 crimson imps
  2 centaur zombies
  A giant frog zombie (D:8)
  A quasit (D:13)
  10 jellies
  2 yaktaur simulacra
  5 hounds
  22 orc priests
  29 orc wizards
  7 centaur skeletons
  A giant frog skeleton (D:12)
  Terence (D:2)
  10 iguanas
  20 worker ants
  16 sheep
  3 hound skeletons
  25 adders
  14 gnolls
  A howler monkey skeleton (D:8)
  56 river rats
  3 shadow imps
  2 oozes
  An adder skeleton (D:6)
  5 worms
  4 dart slugs
  5 giant geckos
  75 orcs
  15 ball pythons
  7 giant cockroaches
  24 goblins
  15 hobgoblins
  23 jackals
  7 kobolds
  4 quokkas
  4 bats (D:2)
  A giant gecko zombie (D:8)
  6 giant newts
  A jackal skeleton (D:4)
  25 rats
  7 crawling corpses (Spider:1)
  4 fungi
  2 plants
1841 creatures vanquished.

Vanquished Creatures (collateral kills)
  An emperor scorpion (Spider:4)
  A yaktaur captain (Vaults:3)
  An ogre mage (Vaults:3)
  2 hornets (Spider:4)
  A vault sentinel (Vaults:3)
  5 yaks (Lair:8)
11 creatures vanquished.

Vanquished Creatures (others)
  A fire giant (Vaults:4)
  An alligator (Swamp:2)
  A spriggan druid (Swamp:3)
  An unseen horror (Vaults:1)
  An ironbrand convoker (Vaults:3)
  A wasp (Swamp:4)
  A kobold (Vaults:2)
  11 fungi
  8 plants
26 creatures vanquished.

Grand Total: 1878 creatures vanquished

Notes
Turn   | Place    | Note
--------------------------------------------------------------
     0 | D:1      | nikopol the Minotaur Berserker began the quest for the Orb.
     0 | D:1      | Reached XP level 1. HP: 19/19 MP: 0/0
    80 | D:1      | Reached XP level 2. HP: 14/27 MP: 1/1
   660 | D:1      | Reached XP level 3. HP: 33/33 MP: 2/2
   713 | D:1      | Reached ** piety under Trog
  1316 | D:2      | Found a blossoming altar of Fedhas.
  1336 | D:2      | Reached skill level 4 in Polearms
  1343 | D:2      | Reached XP level 4. HP: 41/41 MP: 3/3
  1768 | D:2      | Reached XP level 5. HP: 47/47 MP: 4/4
  1810 | D:2      | Noticed Terence
  1830 | D:2      | Killed Terence
  1905 | D:2      | Reached skill level 5 in Fighting
  2290 | D:3      | Reached *** piety under Trog
  2328 | D:3      | Found an oddly glowing altar of Pakellas.
  3038 | D:4      | Reached XP level 6. HP: 56/56 MP: 5/5
  3219 | D:4      | Reached skill level 5 in Polearms
  3279 | D:4      | Reached skill level 5 in Armour
  3369 | D:4      | Reached XP level 7. HP: 62/62 MP: 6/6
  3795 | D:5      | Entered Level 5 of the Dungeon
  3806 | D:5      | Reached skill level 5 in Dodging
  4048 | D:5      | Reached skill level 6 in Polearms
  4295 | D:5      | Reached XP level 8. HP: 70/71 MP: 7/7
  4312 | D:5      | Found a glowing drain.
  4317 | Sewer    | Entered a sewer
  4413 | Sewer    | Reached **** piety under Trog
  4669 | Sewer    | Received a gift from Trog
  5117 | D:5      | Reached ***** piety under Trog
  5167 | D:5      | Reached skill level 7 in Polearms
  5914 | D:6      | Reached skill level 1 in Bows
  5934 | D:6      | Reached XP level 9. HP: 81/81 MP: 8/8
  5943 | D:6      | Noticed junkhipster's ghost (novice GrFi)
  5973 | D:6      | Killed junkhipster's ghost
  5973 | D:6      | Reached skill level 8 in Polearms
  6600 | D:6      | Found a bloodstained altar of Trog.
  6926 | D:7      | Reached skill level 9 in Polearms
  7204 | D:7      | Received a gift from Trog
  7360 | D:7      | Found a shattered altar of Ashenzari.
  7505 | D:7      | Reached XP level 10. HP: 90/90 MP: 9/9
  7511 | D:7      | Found a staircase to the Ecumenical Temple.
  7749 | D:8      | Reached skill level 5 in Bows
  7836 | D:8      | HP: 4/89 [poisoned by a killer bee]
  8244 | D:8      | Found a white marble altar of Elyvilon.
  8345 | D:8      | Reached skill level 10 in Polearms
  8421 | D:8      | Noticed Psyche
  8427 | D:8      | Killed Psyche
  8431 | D:8      | Found a sacrificial altar of Ru.
  8540 | D:8      | Noticed terrence's ghost (novice MiFi)
  8552 | D:8      | Killed terrence's ghost
  8682 | D:8      | Found a basalt altar of Yredelemnul.
  9194 | D:9      | Found a snail-covered altar of Cheibriados.
  9195 | D:9      | Found an iron altar of Okawaru.
  9689 | D:10     | Entered Level 10 of the Dungeon
  9689 | D:10     | Found a staircase to the Lair.
  9752 | D:10     | Noticed Urug
  9764 | D:10     | Killed Urug
  9934 | D:10     | Reached skill level 11 in Polearms
  9934 | D:10     | Reached XP level 11. HP: 95/95 MP: 10/10
  9986 | D:10     | Found Odaid's Weapon Shoppe.
 10004 | D:10     | Killed an unseen horror
 10019 | D:10     | Found a staircase to the Orcish Mines.
 10021 | D:10     | Found Heh Jaing's Armour Shoppe.
 10181 | D:10     | Noticed Joseph
 10201 | D:10     | Killed Joseph
 10289 | D:10     | Received a gift from Trog
 10418 | D:10     | Noticed a hill giant
 10424 | D:10     | Killed a hill giant
 10549 | D:10     | Killed an unseen horror
 10719 | D:10     | Noticed a griffon
 10719 | D:10     | Noticed an ogre mage
 10720 | D:10     | Noticed a centaur warrior
 10933 | D:10     | Received a gift from Trog
 11449 | D:11     | Reached skill level 10 in Fighting
 11449 | D:11     | Reached skill level 10 in Armour
 11559 | D:11     | Reached skill level 12 in Polearms
 12087 | Lair:1   | Entered Level 1 of the Lair of Beasts
 12186 | Lair:1   | Noticed a four-headed hydra
 12193 | Lair:1   | Killed a nine-headed hydra
 12508 | Lair:1   | Reached XP level 12. HP: 52/103 MP: 11/11
 12513 | Lair:1   | Received a gift from Trog
 13183 | Lair:1   | Reached skill level 10 in Dodging
 13838 | Lair:2   | Received a gift from Trog
 13863 | Lair:2   | Noticed a five-headed hydra
 13871 | Lair:2   | Killed a seven-headed hydra
 13871 | Lair:2   | Reached skill level 13 in Polearms
 14220 | Lair:3   | Reached skill level 10 in Bows
 14470 | Lair:3   | Found a labyrinth entrance.
 14479 | Lair:3   | Noticed Maud
 14493 | Lair:3   | Received a gift from Trog
 14503 | Lair:3   | Killed Maud
 14521 | Lab      | Entered a labyrinth
 14645 | Lab      | Noticed a minotaur
 14659 | Lab      | Killed a minotaur
 14672 | Lab      | Received a gift from Trog
 14787 | Lair:3   | Reached ****** piety under Trog
 14854 | Lair:3   | Found a hole to the Spider Nest.
 14980 | Lair:3   | Received a gift from Trog
 15048 | Lair:3   | Noticed Gastronok
 15071 | Lair:3   | Killed Gastronok
 15071 | Lair:3   | Reached skill level 14 in Polearms
 15071 | Lair:3   | Reached XP level 13. HP: 107/113 MP: 12/12
 15791 | Lair:4   | Received a gift from Trog
 16901 | Lair:4   | Received a gift from Trog
 18132 | Lair:5   | Received a gift from Trog
 18812 | Lair:6   | Found a staircase to the Slime Pits.
 18814 | Lair:6   | Found a viscous altar of Jiyva.
 18880 | Lair:6   | Reached skill level 15 in Polearms
 19868 | Lair:6   | Found a staircase to the Swamp.
 19959 | Lair:6   | Received a gift from Trog
 20633 | Lair:7   | Reached XP level 14. HP: 108/122 MP: 13/13
 21414 | Lair:7   | Received a gift from Trog
 21497 | Lair:8   | Entered Level 8 of the Lair of Beasts
 21501 | Lair:8   | Noticed Snorg
 21511 | Lair:8   | Killed Snorg
 22225 | Lair:8   | Reached skill level 16 in Polearms
 22423 | Lair:8   | Noticed Rupert
 22445 | Lair:8   | Killed Rupert
 22605 | Lair:8   | Received a gift from Trog
 23392 | Orc:1    | Entered Level 1 of the Orcish Mines
 23448 | Orc:1    | Found Quhaky's Magic Scroll Emporium.
 23573 | Orc:1    | Found a roughly hewn altar of Beogh.
 23577 | Orc:1    | Received a gift from Trog
 23700 | Orc:2    | Entered Level 2 of the Orcish Mines
 23721 | Orc:2    | Noticed Bodigarde's ghost (journeyman MiFi)
 23745 | Orc:2    | Killed Bodigarde's ghost
 23834 | Orc:2    | Found a staircase to the Elven Halls.
 23835 | Orc:2    | Found a roughly hewn altar of Beogh.
 23989 | Orc:2    | Noticed Wotyn's ghost (journeyman MiFi)
 24010 | Orc:2    | Killed Wotyn's ghost
 24388 | Orc:2    | Received a gift from Trog
 24388 | Orc:2    | Reached XP level 15. HP: 114/131 MP: 14/14
 24936 | Orc:2    | Found Oruohe Nuorph's Jewellery Emporium.
 24936 | Orc:2    | Found Diqos's Assorted Antiques.
 24950 | Orc:2    | Found Puhusass's Jewellery Shop.
 24950 | Orc:2    | Found Nuus's Book Emporium.
 25093 | Orc:2    | Received a gift from Trog
 25548 | Orc:1    | You fall through a shaft!
 25861 | Orc:2    | Bought a shiny ivory ring for 160 gold pieces
 25903 | Orc:2    | Received a gift from Trog
 26360 | D:12     | Reached skill level 17 in Polearms
 26523 | D:12     | Received a gift from Trog
 27653 | D:13     | Found a gate to the Vaults.
 27895 | D:13     | Noticed junkhipster's ghost (journeyman GrFi)
 27905 | D:13     | Killed junkhipster's ghost
 28032 | D:13     | Found a snail-covered altar of Cheibriados.
 28349 | D:14     | Found a flagged portal.
 28355 | Bailey   | Entered a bailey
 28428 | Bailey   | Received a gift from Trog
 28429 | Bailey   | Found an iron altar of Okawaru.
 29057 | D:14     | Found a blossoming altar of Fedhas.
 30224 | D:14     | Received a gift from Trog
 30355 | D:14     | Found Wiwauq's Gadget Emporium.
 30433 | D:14     | Noticed Agnes
 30440 | D:14     | Killed Agnes
 30440 | D:14     | Reached skill level 15 in Bows
 30616 | D:14     | Noticed Sonja
 30632 | D:14     | Killed Sonja
 30901 | D:15     | Entered Level 15 of the Dungeon
 30934 | D:15     | Received a gift from Trog
 30934 | D:15     | Reached XP level 16. HP: 129/141 MP: 15/15
 30990 | D:15     | Reached skill level 18 in Polearms
 31001 | D:15     | Found a staircase to the Depths.
 31372 | D:15     | Found Qumeij's Weapon Emporium.
 31410 | D:15     | Received a gift from Trog
 31420 | D:15     | Got a crystal halberd {god gift}
 31421 | D:15     | Identified the +4 halberd "Banisher" {drain, +Blink Int+3} (Trog gifted it to you on level 15 of the Dungeon)
 32504 | Swamp:1  | Entered Level 1 of the Swamp
 32604 | Swamp:1  | Noticed Nikola
 32628 | Swamp:1  | Killed Nikola
 33742 | Swamp:2  | Noticed a thorn hunter
 33754 | Swamp:2  | Killed a thorn hunter
 34129 | Swamp:2  | Received a gift from Trog
 34248 | Swamp:2  | Reached skill level 19 in Polearms
 34248 | Swamp:2  | Reached XP level 17. HP: 149/149 MP: 16/16
 34436 | Swamp:2  | Got a pair of shimmering boots
 34447 | Swamp:2  | Identified the +2 pair of boots "Hoth" {+Fly Str+2} (You acquired it on level 2 of the Swamp)
 34703 | Swamp:2  | Received a gift from Trog
 36612 | Swamp:4  | Entered Level 4 of the Swamp
 36807 | Swamp:4  | Reached XP level 18. HP: 155/158 MP: 17/17
 36859 | Swamp:4  | Received a gift from Trog
 37022 | Swamp:4  | Received a gift from Trog
 37126 | Swamp:4  | Received a gift from Trog
 37627 | Swamp:4  | Reached skill level 20 in Polearms
 37927 | Swamp:4  | Reached skill level 15 in Armour
 38038 | Swamp:4  | Got a decaying rune of Zot
 39062 | Spider:1 | Entered Level 1 of the Spider Nest
 39665 | Spider:1 | Received a gift from Trog
 39845 | Spider:1 | Received a gift from Trog
 40073 | Spider:1 | HP: 9/238 [boulder beetle (16)]
 40998 | Spider:1 | Reached skill level 15 in Fighting
 41048 | Spider:1 | Received a gift from Trog
 41466 | Spider:1 | Received a gift from Trog
 42619 | Spider:2 | Reached XP level 19. HP: 167/167 MP: 18/18
 43361 | Spider:3 | Received a gift from Trog
 43471 | Spider:3 | Reached skill level 21 in Polearms
 43856 | Spider:3 | Received a gift from Trog
 44131 | Spider:4 | Entered Level 4 of the Spider Nest
 44643 | Spider:4 | Received a gift from Trog
 45107 | Spider:4 | Received a gift from Trog
 45305 | Spider:4 | HP: 6/172 [something (8)]
 45306 | Spider:4 | HP: 2/172 [moth of wrath (3)]
 45309 | Spider:4 | Reached skill level 15 in Dodging
 45683 | Spider:4 | Got a gossamer rune of Zot
 45760 | Spider:4 | Received a gift from Trog
 46070 | Vaults:1 | Entered Level 1 of the Vaults
 46644 | Vaults:1 | Noticed Asterion
 47291 | Vaults:1 | Received a gift from Trog
 47840 | Vaults:2 | Reached XP level 20. HP: 180/180 MP: 19/19
 48196 | Vaults:2 | Received a gift from Trog
 48658 | Vaults:2 | Found a staircase to the Crypt.
 48662 | Vaults:2 | Reached skill level 22 in Polearms
 48764 | Vaults:2 | Found Etetaap's Assorted Antiques.
 49229 | Vaults:2 | Got a wavering turquoise ring
 49230 | Vaults:2 | Identified the ring of Terra Nullius {rCorr rF+ rN+ Int+3 Dex+4} (You found it on level 2 of the Vaults)
 49667 | Vaults:2 | Received a gift from Trog
 50068 | Vaults:3 | Received a gift from Trog
 50340 | Vaults:3 | Got a bloodstained glaive {god gift}
 50341 | Vaults:3 | Identified the +1 glaive of Offence {freeze, -Tele rC+++ SInv} (Trog gifted it to you on level 3 of the Vaults)
 50382 | Vaults:3 | Noticed Jorgrun
 50527 | Vaults:3 | Killed Jorgrun
 50822 | Vaults:3 | Noticed Mennas
 50891 | Vaults:3 | Received a gift from Trog
 50906 | Vaults:3 | HP: 9/182 [yaktaur captain/bolt (31)]
 52047 | Vaults:4 | Reached XP level 21. HP: 170/190 MP: 20/20
 52311 | Vaults:4 | Received a gift from Trog
 52346 | Vaults:4 | Got a brightly glowing spear {god gift}
 52347 | Vaults:4 | Identified the +3 spear "Xyib" {freeze, rN+ Str+4} (Trog gifted it to you on level 4 of the Vaults)
 53598 | Vaults:4 | Reached skill level 23 in Polearms
 54340 | Vaults:4 | Received a gift from Trog
 55192 | Elf:1    | Entered Level 1 of the Elven Halls
 55214 | Orc:2    | HP: 4/191 [something (14)]
 55215 | Orc:2    | Slain by a deep elf knight

Skill      XL: |  1  2  3  4  5  6  7  8  9 10 11 12 13 14 15 16 17 18 19 20 21 |
---------------+----------------------------------------------------------------+-----
Fighting       | 4 5 6 7 8 9 10 11 12 13 14 15 16 17 | 17.2
Armour         | 3 4 5 6 7 8 9 10 11 12 13 14 15 16 17 | 17.5
Polearms       | 4 5 6 7 9 11 12 14 15 16 17 19 20 21 22 23 | 23.1
Dodging        | 3 4 5 6 7 8 9 10 11 12 13 14 15 16 | 16.4
Bows           | 1 4 7 9 11 12 13 15 16 17 18 20 | 20.4

Action                   |  1- 3 |  4- 6 |  7- 9 | 10-12 | 13-15 | 16-18 | 19-21 || total
-------------------------+-------+-------+-------+-------+-------+-------+-------++-------
Melee: Spear             |   133 |   218 |   409 |       |       |       |       ||   760
       Headbutt          |    25 |    30 |    72 |   114 |   202 |   258 |   306 ||  1007
       Halberd           |       |       |    20 |   544 |   960 |   578 |       ||  2102
       Shortbow          |       |       |       |     2 |     1 |       |       ||     3
       Glaive            |       |       |       |       |     1 |   269 |   978 ||  1248
       Longbow           |       |       |       |       |       |       |     1 ||     1
 Fire: Shortbow          |       |       |   150 |   378 |  1210 |  1002 |       ||  2740
       Longbow           |       |       |       |       |       |   112 |   929 ||  1041
Invok: Berserk           |       |     1 |     2 |     6 |    12 |     4 |     8 ||    33
       Trog's Hand       |       |       |       |     1 |       |       |     1 ||     2
       Burn Spellbooks   |       |       |       |     2 |     2 |     3 |     1 ||     8
       Brothers in Arms  |       |       |       |       |       |     2 |     3 ||     5
  Use: Scroll            |       |       |     4 |    20 |    21 |     7 |     9 ||    61
       Potion            |       |       |       |       |       |     1 |     4 ||     5
 Stab: Held in net/web   |       |       |       |     2 |       |     2 |       ||     4
       Distracted        |       |       |       |       |     1 |     1 |       ||     2
       Confused          |       |       |       |       |       |     1 |       ||     1
  Eat: Chunk             |     1 |     8 |    15 |    24 |    56 |    32 |    41 ||   177
       Pizza             |       |       |       |     2 |     2 |     1 |       ||     5
       Beef jerky        |       |       |       |     2 |     1 |     4 |     3 ||    10
       Royal jelly       |       |       |       |       |     1 |     1 |     1 ||     3
Armor: Leather armour    |    10 |     8 |       |       |       |       |       ||    18
       Chain mail        |       |    35 |   267 |   266 |   312 |    53 |   449 ||  1382
       Ring mail         |       |       |       |       |    74 |   321 |       ||   395
       Skin              |       |       |       |       |       |     1 |       ||     1
Dodge: Dodged            |    35 |    71 |   271 |   358 |   729 |  1176 |   968 ||  3608
